Map: Blackpink LE

Players

DYLMmahdo - Winner!

  • Race: Zerg Zerg
  • League: Diamond
  • Spawn Location: 1:00

Dessa

  • Race: Zerg Zerg
  • League: Diamond
  • Spawn Location: 7:00

VOD

Have the link to the VOD?

Description

Time

  • Played on: Dec. 13, 2017, 9:49 a.m.
  • Length: 5:43
Show
View Real Time Build Order
Export as new Build Order

DYLMmahdo Zerg - Winner!

Build Orders: Hatch First 

Get SALT Encoding   

  12  0:01  Drone  
  13  0:14  Overlord  
  13  0:18  Drone  
  14  0:34  Drone x2  
  16  0:53  Hatchery  
  16  0:56  Drone  
  16  1:10  Spawning Pool  
  15  1:15  Drone  
  16  1:20  Drone, Extractor  
  16  1:25  Drone, Extractor  
  16  1:37  Extractor  
  16  1:41  Overlord  
  16  1:48  Drone  
  17  1:59  Spine Crawler  
  16  2:04  Zergling x4  
  16  2:05  Queen  
  20  2:15  Zergling x4  
  22  2:28  Spine Crawler  
  17  2:46  Drone x3  
  17  2:47  Drone x3  
  23  2:53  Metabolic Boost  
  23  3:08  Baneling Nest  
  23  3:10  Zergling x2  
  23  3:11  Zergling x4  
  25  3:13  Zergling x2  
  26  3:23  Queen  
  28  3:30  Drone x2  
  30  3:35  Spine Crawler  
  26  4:00  Drone x6  
  31  4:10  Baneling x2  
  31  4:11  Drone x2  
  33  4:17  Spine Crawler  
  32  4:25  Baneling x3  
  32  4:31  Spine Crawler  
  27  4:45  Zergling x2  
  27  4:46  Zergling x14  
  27  4:49  Spine Crawler  
  34  4:58  Spine Crawler, Drone x2  
  35  5:05  Baneling x3  
  35  5:16  Drone  
  35  5:17  Overlord  
  36  5:22  Baneling x3  
Show
View Real Time Build Order
Export as new Build Order

Dessa Zerg 

Build Orders: Pool First 

Get SALT Encoding   

  12  0:00  Drone  
  13  0:09  Drone  
  14  0:14  Extractor  
  14  0:16  Drone  
  14  0:34  Spawning Pool  
  13  0:37  Drone  
  14  0:45  Overlord  
  14  1:07  Drone  
  15  1:21  Zergling x6  
  15  1:22  Queen  
  20  1:30  Metabolic Boost  
  20  1:56  Hatchery  
  19  2:01  Zergling x2  
  20  2:12  Baneling Nest  
  20  2:15  Drone  
  20  2:30  Zergling x2  
  20  2:36  Zergling x2  
  21  2:38  Zergling x2  
  21  2:41  Zergling x2  
  21  2:47  Drone  
  21  2:49  Overlord  
  22  3:08  Baneling x2  
  22  3:10  Zergling x2  
  22  3:12  Drone  
  24  3:13  Zergling x2  
  25  3:21  Zergling x4  
  25  3:26  Zergling x4  
  26  3:50  Zergling x2  
  25  3:59  Baneling x4  
  25  4:01  Zergling x10  
  28  4:04  Drone  
  28  4:08  Drone  
  30  4:13  Zergling x2  
  31  4:22  Drone x2  
  23  4:46  Drone  
  23  4:47  Drone x6  
  30  4:57  Drone  
  30  4:58  Roach Warren  
  30  5:12  Zergling x4  
  34  5:18  Zergling x2  
Tags
 
Matchup
ZvZ
Race
Zerg
Replay Pack
2017S4
Spawn Locations
Cross Positions
Add a new tag
Caveats
  • Supply blocks, unpowered buildings, or Contaminate may cause inaccurate times.
  • Supply counts are checked every 10 seconds.